 Dungeon Crawl Stone Soup version 0.29.0-11-gd7f09526c8 (webtiles) character file.

Game seed: 2369249983206099164

470440 sasquatch the Warrior (level 22, -3/204 (209) HPs)
             Began as a Minotaur Fighter on Sept 3, 2022.
             Was a High Priest of Okawaru.
             Killed by the air
             ... invoked by a titan
              (46 damage)
             ... on level 5 of the Vaults.
             The game lasted 02:11:22 (49545 turns).

sasquatch the Warrior (Minotaur Fighter)           Turns: 49545, Time: 02:11:23

HP:   -3/204 (209)  AC: 39    Str: 27    XL:     22   Next: 90%
MP:   30/30         EV: 10    Int: 13    God:    Okawaru [*****.]
Gold: 4267          SH: 27    Dex: 10    Spells: 21/21 levels left

rFire   + + .      SeeInvis +   n - +9 eveningstar (freeze)
rCold   + + .      Faith    .   D - +7 tower shield {rC+ rF+}
rNeg    + . .      Spirit   .   Q - +4 crystal plate armour "Trusted Companion" {Drain rPois rC+}
rPois   +          Reflect  .   S - +2 hat {Will+}
rElec   +          Harm     .   H - +1 cloak of Hedonism {rElec rF+ Regen+}
rCorr   +          Rampage  .   q - +0 pair of gloves
Will    ++...                   F - -2 pair of boots of Grace {rElec Dex+2}
Stlth   ..........              B - amulet of regeneration
HPRegen 2.04/turn               K - ring "Kyittimm" {rPois rCorr Str-3 SInv}
MPRegen 0.22/turn               O - ring of positive energy

@: about to teleport, finesse-ful, marked, lightly drained
A: horns 2, retaliatory headbutt, iridescent scales 1, clever 2, MP-powered
wands
}: 4/15 runes: decaying, serpentine, silver, abyssal
a: Renounce Religion, Heroism, Finesse, Duel


You were on level 5 of the Vaults.
You worshipped Okawaru.
Okawaru was extremely pleased with you.
You visited 9 branches of the dungeon, and saw 41 of its levels.
You visited the Abyss 1 time.
You visited 1 bazaar.
You also visited: Sewer.

You collected 7789 gold pieces.
You spent 3522 gold pieces at shops.

Inventory:

Hand Weapons
 n - a +9 eveningstar of freezing (weapon)
 W - a +2 eveningstar of flaming
 X - the +4 morningstar of Vanity {flame, Will+}
   (You found it on level 5 of the Lair of Beasts)

   It burns those it strikes, dealing additional fire damage.
   Will:      It increases your willpower.
Missiles
 m - 9 silver javelins
 I - 3 boomerangs of dispersal
 L - 23 boomerangs
 N - 30 curare-tipped darts
 U - a throwing net
 Z - 19 javelins (quivered)
Armour
 f - +0 gold dragon scales
 h - the +0 cloak "Nuffir" {+Blink rC+ rN+}
   (Okawaru gifted it to you on level 3 of the Lair of Beasts)

   rC:        It protects you from cold.
   rN:        It protects you from negative energy.
   +Blink:    It lets you blink.
 q - a +0 pair of gloves (worn)
 A - the +11 tower shield of Riaro {rF- rN+ Str+8 Stlth+}
   (Okawaru gifted it to you on level 4 of the Snake Pit)

   Str:       It affects your strength (+8).
   rF:        It makes you vulnerable to fire.
   rN:        It protects you from negative energy.
   Stlth:     It makes you more stealthy.
 D - a +7 tower shield of resistance (worn)
 E - the +3 pair of mountain boots {steadfast, rC+}
   (You acquired it on level 8 of the Dungeon)

   It prevents involuntary movement, except for blinking, teleportation, or
   banishment.
   rC:        It protects you from cold.
 F - the -2 pair of boots of Grace (worn) {rElec Dex+2}
   (You found it on level 3 of the Swamp)

   Dex:       It affects your dexterity (+2).
   rElec:     It insulates you from electricity.
 H - the +1 cloak of Hedonism (worn) {rElec rF+ Regen+}
   (You found it on level 1 of the Elven Halls)

   rF:        It protects you from fire.
   rElec:     It insulates you from electricity.
   Regen:     It increases your rate of health regeneration.
 Q - the +4 crystal plate armour "Trusted Companion" (worn) {Drain rPois rC+}
   (Okawaru gifted it to you on level 1 of the Lair of Beasts)

   rC:        It protects you from cold.
   rPois:     It protects you from poison.
   Drain:     It drains your maximum health when unequipped.
 S - a +2 hat of willpower (worn)
Jewellery
 B - an amulet of regeneration (around neck)
 K - the ring "Kyittimm" (left hand) {rPois rCorr Str-3 SInv}
   (You found it on level 3 of the Elven Halls)

   [ring of poison resistance]

   Str:       It affects your strength (-3).
   rPois:     It protects you from poison.
   SInv:      It lets you see invisible.
   rCorr:     It protects you from acid and corrosion.
 O - a ring of positive energy (right hand)
 P - a ring of willpower
Wands
 a - a wand of iceblast (47)
 c - a wand of flame (43)
 j - a wand of digging (3)
 y - a wand of paralysis (60)
 M - a wand of mindburst (46)
 T - a wand of light (37)
Scrolls
 l - 2 scrolls of magic mapping
 o - 7 scrolls of silence
 p - 6 scrolls of fog
 t - 2 scrolls of teleportation
 u - 5 scrolls of poison
 v - 2 scrolls of enchant weapon
 w - 4 scrolls of amnesia
 G - 7 scrolls of fear
 R - 3 scrolls of blinking
 V - 24 scrolls of identify
Potions
 b - 4 potions of attraction
 d - 8 potions of might
 e - 2 potions of cancellation
 k - 7 potions of curing
 r - 2 potions of invisibility
 s - 4 potions of ambrosia
 x - 4 potions of haste
 C - 7 potions of flight
 J - 2 potions of mutation
Miscellaneous
 i - a tin of tremorstones (2/2)


   Skills:
 - Level 20.2 Fighting
 - Level 20.2 Maces & Flails
 - Level 12.0 Throwing
 - Level 20.0 Armour
 + Level 18.8 Dodging
 - Level 20.0 Shields
 - Level 12.0 Invocations
 + Level 15.2 Evocations


You had 21 spell levels left.
You didn't know any spells.
Your spell library contained the following spells:

 Spells                   Type           Power      Damage    Failure   Level
 Foxfire                  Conj/Fire      0%         2x1d4     100%        1
 Freeze                   Ice            0%         1d3       100%        1
 Magic Dart               Conj           0%         1d3       100%        1
 Slow                     Hex            0%         N/A       100%        1
 Sting                    Tmut/Pois      0%         1d3       100%        1
 Blink                    Tloc           0%         N/A       100%        2
 Ensorcelled Hibernation  Hex/Ice        0%         N/A       100%        2
 Poisonous Vapours        Pois/Air       0%         N/A       100%        2
 Scorch                   Fire           0%         2d5       100%        2
 Searing Ray              Conj           0%         2d4       100%        2
 Static Discharge         Conj/Air       0%         3-3/arc   100%        2
 Confusing Touch          Hex            0%         N/A       100%        3
 Conjure Flame            Conj/Fire      0%         6-21      100%        3
 Dazzling Flash           Conj/Hex       0%         N/A       100%        3
 Frozen Ramparts          Ice            0%         1d1       100%        3
 Gell's Gravitas          Tloc           0%         N/A       100%        3
 Inner Flame              Hex/Fire       0%         N/A       100%        3
 Lesser Beckoning         Tloc           0%         N/A       100%        3
 Mephitic Cloud           Conj/Pois/Air  0%         N/A       100%        3
 Ozocubu's Armour         Ice            0%         N/A       100%        3
 Portal Projectile        Hex/Tloc       0%         N/A       100%        3
 Spider Form              Tmut/Pois      0%         N/A       100%        3
 Teleport Other           Tloc           0%         N/A       100%        3
 Vampiric Draining        Necr           0%         2d6       100%        3
 Anguish                  Hex/Necr       0%         N/A       100%        4
 Corpse Rot               Necr/Pois/Air  0%         N/A       100%        4
 Dispel Undead            Necr           0%         3d6       100%        4
 Flame Wave               Conj/Fire      0%         2d4       100%        4
 Fulminant Prism          Conj/Hex       0%         3d6       100%        4
 Hailstorm                Conj/Ice       0%         3d3       100%        4
 Ice Form                 Ice/Tmut       0%         N/A       100%        4
 Iskenderun's Mystic Bla  Conj/Tloc      0%         2d3       100%        4
 Leda's Liquefaction      Hex/Erth       0%         N/A       100%        4
 Olgreb's Toxic Radiance  Pois           0%         N/A       100%        4
 Petrify                  Tmut/Erth      0%         N/A       100%        4
 Sticky Flame             Conj/Fire      0%         2d3       100%        4
 Blade Hands              Tmut           0%         N/A       100%        5
 Fireball                 Conj/Fire      0%         3d3       100%        5
 Freezing Cloud           Conj/Ice/Air   0%         6-21      100%        5
 Lee's Rapid Deconstruct  Erth           0%         3d5*      100%        5
 Manifold Assault         Tloc           0%         N/A       100%        5
 Metabolic Englaciation   Hex/Ice        0%         N/A       100%        5
 Yara's Violent Unravell  Hex/Tmut       0%         3d3       100%        5
 Iron Shot                Conj/Erth      0%         9d1       100%        6
 Starburst                Conj/Fire      0%         6d3       100%        6
 Statue Form              Tmut/Erth      0%         N/A       100%        6
 Enfeeble                 Hex            0%         N/A       100%        7
 Ozocubu's Refrigeration  Ice            0%         4d7       100%        7
 Storm Form               Tmut/Air       0%         N/A       100%        7
 Ignition                 Fire           0%         3d3       100%        8
 Chain Lightning          Conj/Air       0%         N/A       100%        9
 Polar Vortex             Ice            0%         N/A       100%        9
 Call Imp                 Summ           Unusable   N/A       N/A         2
 Tukima's Dance           Hex            Unusable   N/A       N/A         3
 Summon Ice Beast         Ice/Summ       Unusable   N/A       N/A         4
 Simulacrum               Ice/Necr       Unusable   N/A       N/A         6
 Summon Cactus Giant      Summ           Unusable   N/A       N/A         6

Dungeon Overview and Level Annotations

Branches:
Dungeon (15/15)            Temple (1/1) D:4            Lair (5/5) D:10
  Swamp (4/4) Lair:3        Snake (4/4) Lair:3        Slime (0/5) Lair:4
    Orc (2/2) D:10            Elf (3/3) Orc:2        Vaults (5/5) D:13
  Crypt (0/3) Vaults:3     Depths (2/4) D:15          Sewer (visited)

Altars:
Ashenzari
Cheibriados
Dithmenos
Elyvilon
Fedhas
Gozag
Hepliaklqana
Kikubaaqudgha
Makhleb
Nemelex Xobeh
Okawaru
Qazlal
Ru
Sif Muna
Trog
Uskayaw
Vehumet
Wu Jian
Xom
Yredelemnul
Zin
The Shining One
Jiyva

Shops:
D:4 !   D:10 [   Orc:2 [!=?   Elf:2 ==:   Elf:3 [*(?[   Snake:1 :   Vaults:2 *
Depths:1 :

Portals:
Hell: Lair:5 Depths:1 Depths:2
Abyss: D:5 Depths:2
Pandemonium: Depths:2
Ziggurat: Depths:2
Trove: D:14 (give +2 shadow dragon scales)

Annotations:
Elf:3 1 exclusion


Innate Abilities, Weirdness & Mutations

You have a pair of horns on your head.
You reflexively headbutt those who attack you in melee.
You are partially covered in iridescent scales. (AC +2)
Your mind is very acute. (Int +8, Str/Dex -2)
You expend magic power (3 MP) to strengthen your wands.


Message History

The yaktaur captain seems to grow stronger.
You sock the shadow dragon!
The shadow dragon is moderately wounded.
Unknown command.
You hit the shadow dragon. You headbutt the shadow dragon.
The shadow dragon is moderately wounded.
You block the golden dragon's attack.
The golden dragon claws you but does no damage.
You block the golden dragon's attack.
The shadow dragon breathes negative energy at you.
The bolt of negative energy hits you! You partially resist.
You feel drained.
* * * LOW HITPOINT WARNING * * *
The stone giant hits you.
* * * LOW HITPOINT WARNING * * *
The deep elf high priest utters an invocation to its god.
The deep elf high priest begins emitting a brilliant aura!
The vault sentinel is empowered by the deep elf high priest's aura!
The ironbound convoker is empowered by the deep elf high priest's aura!
The sphinx is empowered by the deep elf high priest's aura!
Unknown command.
As you read the scroll of teleportation, it crumbles to dust.
You feel strangely unstable.
The sphinx casts a spell.
You easily resist.
The golden dragon bites you.
* * * LOW HITPOINT WARNING * * *
You block the golden dragon's attack. x2; You block the stone giant's attack.
The shadow dragon bites you but does no damage.
The shadow dragon claws you but does no damage.
The shadow dragon closely misses you.
The titan is empowered by the deep elf high priest's aura!
The deep elf high priest invokes the aid of its god against you.
Something smites you!
* * * LOW HITPOINT WARNING * * *
You feel better.
The vault sentinel blows a loud note on a signal horn!
The stone giant misses you. You furiously retaliate!
You headbutt the stone giant.
You block the shadow dragon's attack. x3
The titan waves its arms in wide circles.
The air twists around and strikes you!!!
You die...

###### .....
....
...########## ##
............ .##
... #......#..#.
..##...#
#..C..#..#...
...#..#
#.@De#.......
.....##
#.HD#........
#...
#..#cp.......
#[.#
#....p.....#
#...#
#.C†#)....#.
....# .#
#C)#))...#..
[...####.#
#....)).#.."
.........#
#p...C.#.[?.[
####.....#
............:...


You could see a shadow dragon (catching breath), a titan (empowered), a golden
dragon, 2 frost giants, a sphinx (empowered), a stone giant, a yaktaur captain
(strong), 2 vault sentinels, a deep elf high priest (brilliance aura) and an
ironbound convoker (empowered).

Vanquished Creatures
  An ancient lich (Vaults:5)
  Mara (Depths:1)
  Bai Suzhen (Snake:3)
  A golden dragon (Vaults:5)
  3 bone dragons
  the Enchantress (Arena)
  3 doom hounds (Depths:2)
  2 Tzitzimimeh (Depths:2)
  The ghost of Muvus the Executioner, an adept DsFi of Uskayaw (Vaults:2)
  A hellephant (Depths:1)
  3 deep elf blademasters
  Rupert (Orc:2)
  Grunn (Arena)
  2 liches
  A titan (Vaults:4)
  2 deep elf master archers (Elf:3)
  Agnes (Snake:2)
  2 sphinxes
  6 tentacled starspawn
  Gastronok (Lair:1)
  2 thorn hunters
  2 tengu reavers
  The ghost of Maxmaps the Warrior, an adept FoSk of Cheibriados (D:13)
  A storm dragon (Vaults:5)
  Kirke (Snake:3)
  A fenstrider witch (Swamp:2)
  2 nagarajas (Snake:4)
  4 fire giants
  3 deep elf sorcerers (Elf:3)
  Donald (Snake:2)
  2 iron dragons (Vaults:5)
  3 frost giants (Depths:2)
  15 vault wardens
  2 orc warlords
  A draconian shifter (Abyss:3)
  Aizul (Snake:2)
  2 reapers (Depths:2)
  6 deep elf elementalists (Elf:3)
  3 spriggan defenders (Depths:2)
  37 very ugly things
  5 stone giants
  3 ghouls (Swamp:4)
  10 ironbound preservers
  2 war gargoyles (Vaults:4)
  A starflower (Abyss:3)
  11 ironbound thunderhulks
  The ghost of mortz the Eclecticist, a journeyman DjCj of Hepliaklqana (D:12)
  3 eleionomae
  4 deep elf demonologists
  4 putrid mouths (Depths:2)
  3 bunyips
  7 deep elf annihilators
  7 dire elephants
  An entropy weaver (Vaults:1)
  A minotaur (shapeshifter) (Depths:1)
  A lorocyproca (Abyss:1)
  9 deep elf death magi
  2 merfolk impalers (Depths:1)
  A merfolk javelineer (Depths:1)
  4 great orbs of eyes
  3 ettins
  Josephine (D:14)
  A crystal guardian (Vaults:4)
  9 yaktaur captains
  2 shambling mangroves
  5 salamander tyrants
  5 deep elf high priests
  4 fire dragons
  2 ice dragons (Depths:2)
  2 rakshasas
  2 ogre magi (Orc:2)
  31 vault guards
  2 spriggan air magi (Depths:2)
  3 ghost crabs (Swamp:4)
  4 boulder beetles
  A peacekeeper (Vaults:4)
  Erica (D:9)
  A catoblepas (Lair:5)
  17 hydras
  4 ironbound frosthearts
  14 centaur warriors
  10 anacondas
  An anaconda (shapeshifter) (Vaults:1)
  9 alligators
  6 deep troll shamans
  26 dancing weapons
  4 tengu warriors
  2 deep troll earth magi (Vaults:4)
  13 naga warriors
  10 two-headed ogres
  2 spriggan berserkers
  7 hell hogs (Depths:1)
  2 vampire magi
  13 naga sharpshooters
  Urug (D:11)
  18 deep elf knights
  2 thrashing horrors
  5 shock serpents
  A sun demon (Lair:5)
  2 hell knights (Depths:2)
  10 wretched stars
  Nergalle (Lair:3)
  3 sixfirhies
  2 iron trolls
  A death drake (Swamp:4)
  A fire crab (Lair:4)
  5 goliath frogs
  7 salamander mystics
  2 skeletal warriors (D:13)
  39 deep trolls
  3 glowing orange brains
  An orb spider (Abyss:3)
  A lindwurm (shapeshifter) (Vaults:3)
  4 swamp dragons
  11 deep elf archers
  3 necromancers (D:13)
  10 bog bodies
  A flayed ghost (Depths:1)
  5 harpies (Vaults:4)
  20 deep elf zephyrmancers
  8 orc knights
  28 deep elf pyromancers
  5 naga ritualists
  8 wizards
  16 ironbound convokers
  4 phantasmal warriors
  11 lindwurms
  3 spectral hydras (Swamp:4)
  7 cyclopes
  49 ugly things
  2 mana vipers (shapeshifter)
  An oklob plant (Lair:5)
  11 mana vipers
  11 orc sorcerers
  3 manticores
  34 slime creatures
  21 salamanders
  3 worldbinders (Abyss:1)
  An apocalypse crab (Abyss:3)
  A naga zombie (Abyss:3)
  A toenail golem (D:5)
  5 will-o-the-wisps
  7 elephants (Lair:5)
  8 guardian serpents
  A cane toad (shapeshifter) (D:14)
  15 naga magi
  13 vault sentinels
  53 black mambas
  An orange demon (Lair:5)
  7 gargoyles
  8 cane toads
  A hellion (Abyss:3)
  Maggie (D:7)
  A tormentor (Abyss:3)
  11 large abominations
  6 rime drakes
  2 freezing wraiths
  A smoke demon (Lair:5)
  4 kobold demonologists (D:12)
  8 komodo dragons
  3 swamp worm zombies (Swamp:4)
  23 yaktaurs
  A hellwing (Depths:2)
  2 tengu conjurers
  8 trolls
  4 ancient zymes
  A hydra zombie (Swamp:4)
  13 tyrant leeches
  3 meliai (Abyss:3)
  2 red devils (Lair:5)
  17 hornets
  3 ice devils
  A queen bee (Abyss:3)
  A polar bear (shapeshifter) (Elf:2)
  The ghost of themarg the Insei, an amateur GnTm (D:5)
  Prince Ribbit (Lair:2)
  6 dream sheep (Lair:5)
  4 alligator zombies (Swamp:4)
  5 raiju
  4 spectral swamp dragons (Swamp:4)
  15 blink frogs
  A slime creature (shapeshifter) (D:14)
  A centaur simulacrum (D:13)
  15 spriggans
  2 culicivoras (Vaults:1)
  2 water elementals (Elf:2)
  15 starcursed masses
  3 air elementals
  A shadow (D:11)
  9 wraiths
  A dire elephant simulacrum (Abyss:1)
  4 vampires
  3 humans (Snake:3)
  25 yaks
  2 ynoxinuls
  3 wyverns
  5 fire elementals
  A hog (shapeshifter) (D:14)
  5 basilisks
  3 neqoxecs
  A redback (Vaults:1)
  A yaktaur simulacrum (Vaults:5)
  A chaos spawn (Abyss:3)
  A steam dragon (D:10)
  18 swamp worms
  11 vampire mosquitoes
  2 wargs
  43 nagas
  5 hell hounds (Lair:5)
  2 acid dragons
  9 water moccasins
  A floating eye (shapeshifter) (D:15)
  13 small abominations
  2 sky beasts
  19 orc warriors
  2 black bears
  6 swamp dragon zombies (Swamp:4)
  9 centaurs
  10 wolves
  10 ogres
  5 phantoms (Swamp:4)
  13 kobold brigands
  12 bullfrogs
  2 scorpions
  A naga simulacrum (Abyss:3)
  3 necrophages
  5 earth elementals
  5 wights (D:8)
  3 killer bees (D:7)
  An electric eel (Lair:5)
  3 howler monkeys
  2 gnoll boudas
  A quasit (Abyss:3)
  7 orc priests
  2 hounds
  10 jellies
  4 iguanas
  Natasha (thrice) (D:4)
  36 orc wizards
  12 human skeletons (Vaults:3)
  A spectral swamp drake (Swamp:4)
  14 gnolls
  8 adders
  3 river rats (Sewer)
  A shadow imp (D:8)
  2 white imps
  3 worms
  4 dart slugs
  86 orcs
  4 bats
  13 endoplasms
  8 giant cockroaches
  6 goblins
  12 hobgoblins
  3 jackals (D:1)
  23 kobolds
  4 quokkas (D:1)
  12 ball pythons
  9 frilled lizards
  11 rats
  3 briar patches (Swamp:4)
  A lurking horror (Abyss:3)
  7 starspawn tentacles
1717 creatures vanquished.

Vanquished Creatures (others)
  A deep elf knight (Elf:2)
  2 deep elf zephyrmancers (Elf:3)
  7 bloated husks
  A yak (Lair:4)
  A swamp worm (Swamp:3)
  A phantom (Swamp:4)
  2 orc wizards
  2 orcs
  38 foxfires
  19 fungi
  A lurking horror (Abyss:1)
  4 pillars of salt (Vaults:1)
  35 plants
  11 starspawn tentacles
125 creatures vanquished.

Grand Total: 1842 creatures vanquished

Notes
Turn   | Place    | Note
-------+----------+-------------------------------------------
     0 | D:1      | sasquatch the Minotaur Fighter began the quest for the Orb.
     0 | D:1      | Reached XP level 1. HP: 19/19 MP: 0/0
   166 | D:1      | Found a large runed translucent door.
   166 | D:1      | Found a large runed translucent door.
   208 | D:1      | Reached XP level 2. HP: 24/26 MP: 1/1
   623 | D:1      | Found a faded altar of an unknown god.
   835 | D:1      | Reached XP level 3. HP: 31/31 MP: 2/2
  1531 | D:2      | Found a stormy altar of Qazlal.
  1567 | D:2      | Reached XP level 4. HP: 29/39 MP: 3/3
  1731 | D:2      | Reached skill level 5 in Shields
  2668 | D:3      | Reached skill level 5 in Maces & Flails
  2898 | D:3      | Reached XP level 5. HP: 45/45 MP: 4/4
  3304 | D:4      | Found a staircase to the Ecumenical Temple.
  3333 | Temple   | Entered the Ecumenical Temple
  3342 | Temple   | Became a worshipper of Warmaster Okawaru
  3477 | D:4      | Noticed Natasha
  3489 | D:4      | Killed Natasha
  3848 | D:4      | Noticed Natasha
  3857 | D:4      | Killed Natasha
  3858 | D:4      | Reached XP level 6. HP: 41/51 MP: 5/5
  3896 | D:4      | Noticed Natasha
  3902 | D:4      | Killed Natasha
  3942 | D:4      | Found Pysi's Distillery.
  3945 | D:4      | Bought a potion of heal wounds for 65 gold pieces
  3945 | D:4      | Bought a potion of curing for 39 gold pieces
  3976 | D:5      | Entered Level 5 of the Dungeon
  4033 | D:5      | Reached * piety under Okawaru
  4094 | D:5      | Found a glowing drain.
  4104 | Sewer    | Entered a sewer
  4511 | Sewer    | Reached XP level 7. HP: 36/57 MP: 6/6
  4687 | Sewer    | Found a viscous altar of Jiyva.
  4798 | D:5      | Reached ** piety under Okawaru
  4879 | D:5      | Paralysed by a gnoll for 2 turns
  5114 | D:5      | Found a transporter.
  5114 | D:5      | Found a transporter.
  5135 | D:5      | Noticed a small abomination
  5146 | D:5      | Found a one-way gate to the infinite horrors of the Abyss.
  5146 | D:5      | Noticed themarg's ghost (amateur GnTm)
  5580 | D:5      | Found a glowing silver altar of Zin.
  5599 | D:5      | Noticed a toenail golem
  5851 | D:6      | Reached XP level 8. HP: 60/64 MP: 7/7
  6293 | D:6      | Reached skill level 10 in Maces & Flails
  7288 | D:7      | Found a bloodstained altar of Trog.
  7607 | D:7      | Noticed Maggie
  7632 | D:7      | Killed Maggie
  7632 | D:7      | Reached *** piety under Okawaru
  7828 | D:7      | Reached XP level 9. HP: 38/70 MP: 5/8
  8220 | D:7      | Noticed a gargoyle
  8226 | D:7      | Killed a gargoyle
  8298 | D:7      | Found the +6 Majin-Bo {vamp, MP+6 Int+6}
  8298 | D:7      | Noticed a gargoyle
  8304 | D:7      | Killed a gargoyle
  8427 | D:7      | Noticed a gargoyle
  8433 | D:7      | Killed a gargoyle
  8433 | D:7      | Reached **** piety under Okawaru
  8516 | D:7      | Noticed a gargoyle
  8521 | D:7      | Killed a gargoyle
  8607 | D:7      | Noticed a gargoyle
  8612 | D:7      | Killed a gargoyle
  8613 | D:7      | Reached skill level 15 in Maces & Flails
  8621 | D:7      | Noticed a gargoyle
  8625 | D:7      | Killed a gargoyle
  8626 | D:7      | Reached XP level 10. HP: 77/77 MP: 9/9
  8697 | D:8      | Noticed a two-headed ogre
  8704 | D:8      | Killed a two-headed ogre
  8958 | D:8      | Identified the +1 robe "Gehir" {Int+3}
  8975 | D:8      | Found a white marble altar of Elyvilon.
  9012 | D:8      | Noticed a manticore
  9022 | D:8      | Killed a manticore
  9022 | D:8      | Reached ***** piety under Okawaru
  9023 | D:8      | Reached skill level 1 in Invocations
  9299 | D:8      | Paralysed by a kobold brigand for 2 turns
  9352 | D:8      | Reached skill level 5 in Armour
  9718 | D:8      | Reached skill level 5 in Fighting
 10304 | D:9      | Noticed Erica
 10437 | D:8      | Identified 3 scrolls of acquirement
 10441 | D:8      | Acquired the +3 pair of mountain boots {steadfast, rC+}
 10441 | D:8      | Found the +3 pair of mountain boots {steadfast, rC+}
 10459 | D:8      | Acquired 1222 gold pieces
 10461 | D:8      | Acquired 730 gold pieces
 10781 | D:9      | Killed Erica
 11402 | D:9      | Reached XP level 11. HP: 71/91 MP: 13/13
 11658 | D:10     | Entered Level 10 of the Dungeon
 11889 | D:10     | Found a staircase to the Orcish Mines.
 11910 | D:10     | Reached skill level 5 in Invocations
 12068 | D:10     | Noticed a two-headed ogre
 12077 | D:10     | Killed a two-headed ogre
 12302 | D:10     | Found an ancient bone altar of Kikubaaqudgha.
 12340 | D:10     | Found Hukiass's Antique Armour Shoppe.
 12365 | D:10     | Found a staircase to the Lair.
 13181 | D:10     | Bought a glimmering chain mail for 332 gold pieces
 13181 | D:10     | Identified the +1 chain mail of Impatience {Str+4} (You
                  | bought it in a shop on level 10 of the Dungeon)
 13210 | Lair:1   | Entered Level 1 of the Lair of Beasts
 13248 | Lair:1   | Identified the +4 crystal plate armour "Trusted Companion"
                  | {Drain rPois rC+} (Okawaru gifted it to you on level 1 of
                  | the Lair of Beasts)
 13248 | Lair:1   | Received a gift from Okawaru
 13588 | Lair:1   | Noticed Gastronok
 13627 | Lair:1   | Killed Gastronok
 14188 | Lair:2   | Noticed Prince Ribbit
 14197 | Lair:2   | Killed Prince Ribbit
 14368 | Lair:2   | Noticed a death yak
 14368 | Lair:2   | Noticed a death yak
 14396 | Lair:2   | Noticed a death yak
 14396 | Lair:2   | Noticed a death yak
 14418 | Lair:2   | Noticed a death yak
 14562 | Lair:3   | Reached XP level 12. HP: 105/106 MP: 16/16
 14590 | Lair:3   | Noticed Nergalle
 14599 | Lair:3   | Reached skill level 10 in Armour
 14609 | Lair:3   | Killed Nergalle
 14610 | Lair:3   | Reached skill level 10 in Fighting
 14705 | Lair:3   | Identified the +0 cloak "Nuffir" {+Blink rC+ rN+} (Okawaru
                  | gifted it to you on level 3 of the Lair of Beasts)
 14705 | Lair:3   | Received a gift from Okawaru
 14823 | Lair:3   | Found a staircase to the Swamp.
 14837 | Lair:3   | Reached ****** piety under Okawaru
 15170 | Lair:3   | Found a staircase to the Snake Pit.
 15958 | Lair:4   | Found a snail-covered altar of Cheibriados.
 15970 | Lair:4   | Found a viscous altar of Jiyva.
 15972 | Lair:4   | Found a staircase to the Slime Pits.
 16406 | Lair:5   | Entered Level 5 of the Lair of Beasts
 16406 | Lair:5   | Noticed a boulder beetle
 16406 | Lair:5   | Noticed an eight-headed hydra
 16530 | Lair:5   | Killed a boulder beetle
 16531 | Lair:5   | Reached skill level 10 in Shields
 16582 | Lair:5   | Noticed a five-headed hydra
 16592 | Lair:5   | Killed a five-headed hydra
 16599 | Lair:5   | Identified the +4 ring mail of the Other Side {Regen+ Str-5
                  | Slay+3 SInv}
 16605 | Lair:5   | Identified the +4 morningstar of Vanity {flame, Will+}
 16679 | Lair:5   | Noticed a boulder beetle
 16691 | Lair:5   | Killed a boulder beetle
 16698 | Lair:5   | Noticed a catoblepas
 16728 | Lair:5   | Killed a catoblepas
 16901 | Lair:5   | Reached XP level 13. HP: 114/114 MP: 18/18
 16918 | Lair:5   | Identified the +4 dagger "Jiufin" {spect, rPois rC+ Will+}
                  | (Okawaru gifted it to you on level 5 of the Lair of Beasts)
 16918 | Lair:5   | Received a gift from Okawaru
 17320 | Lair:5   | Received a gift from Okawaru
 17329 | Lair:5   | Found a burning altar of Makhleb.
 17425 | Lair:5   | Found a gateway to Hell.
 18058 | Orc:1    | Entered Level 1 of the Orcish Mines
 18515 | Orc:2    | Entered Level 2 of the Orcish Mines
 18721 | Orc:2    | Noticed Rupert
 18732 | Orc:2    | Killed Rupert
 18732 | Orc:2    | Identified the +2 robe "Mery" {Regen+ Int-4 Dex+6} (Okawaru
                  | gifted it to you on level 2 of the Orcish Mines)
 18732 | Orc:2    | Received a gift from Okawaru
 18827 | Orc:2    | Found a staircase to the Elven Halls.
 19413 | Orc:2    | Found Exuwkei's Jewellery Shop.
 19461 | Orc:2    | Reached XP level 14. HP: 113/129 MP: 19/19
 19506 | Orc:2    | Found Kiefywuw's Antique Armour Boutique.
 19537 | Orc:2    | Found an ancient bone altar of Kikubaaqudgha.
 19768 | Orc:2    | Found a radiant altar of Vehumet.
 19829 | Orc:2    | Found Egah Qus's Magic Scroll Boutique.
 19845 | Orc:2    | Reached skill level 15 in Armour
 19847 | Orc:2    | Found Quhaz's Distillery.
 19864 | Orc:2    | Bought a scroll of identify for 26 gold pieces
 19864 | Orc:2    | Bought a scroll of enchant weapon for 97 gold pieces
 19864 | Orc:2    | Bought a scroll of identify for 26 gold pieces
 19864 | Orc:2    | Bought a scroll of blinking for 97 gold pieces
 19864 | Orc:2    | Bought 2 scrolls of identify for 52 gold pieces
 19864 | Orc:2    | Bought a scroll of fear for 52 gold pieces
 19878 | Orc:2    | Bought a potion of heal wounds for 75 gold pieces
 19878 | Orc:2    | Bought a potion of curing for 45 gold pieces
 19878 | Orc:2    | Bought a potion of curing for 45 gold pieces
 19878 | Orc:2    | Bought a potion of haste for 150 gold pieces
 19878 | Orc:2    | Bought a potion of heal wounds for 75 gold pieces
 20035 | Snake:1  | Entered Level 1 of the Snake Pit
 20412 | Snake:1  | Found Ammyuck's Book Shop.
 20719 | Snake:1  | Identified the +2 robe of Loss {rC+ Str+5 Dex+3} (Okawaru
                  | gifted it to you on level 1 of the Snake Pit)
 20719 | Snake:1  | Received a gift from Okawaru
 21303 | Snake:2  | Noticed Agnes
 21314 | Snake:2  | Killed Agnes
 21781 | Snake:2  | Noticed Aizul
 21802 | Snake:2  | Killed Aizul
 22171 | Snake:2  | Noticed Donald
 22185 | Snake:2  | Killed Donald
 22196 | Snake:2  | Reached XP level 15. HP: 85/138 MP: 13/20
 22394 | Snake:3  | Received a gift from Okawaru
 22411 | Snake:2  | Reached skill level 15 in Shields
 22751 | Snake:3  | Noticed Bai Suzhen
 22782 | Snake:3  | Killed Bai Suzhen
 22842 | Snake:3  | Noticed Kirke
 22854 | Snake:3  | Killed Kirke
 22861 | Snake:3  | Identified the +8 mace of Noruf {spect, rPois Will+ Str-2}
                  | (Okawaru gifted it to you on level 3 of the Snake Pit)
 22861 | Snake:3  | Received a gift from Okawaru
 23218 | Snake:3  | Reached skill level 1 in Dodging
 23523 | Snake:4  | Entered Level 4 of the Snake Pit
 23745 | Snake:4  | Identified the +11 tower shield of Riaro {rF- rN+ Str+8
                  | Stlth+} (Okawaru gifted it to you on level 4 of the Snake
                  | Pit)
 23745 | Snake:4  | Received a gift from Okawaru
 23826 | Snake:4  | Reached skill level 15 in Fighting
 24108 | Snake:4  | Noticed a nagaraja
 24127 | Snake:4  | Killed a nagaraja
 24183 | Snake:4  | Reached skill level 5 in Dodging
 24204 | Snake:4  | Reached skill level 10 in Invocations
 24492 | Snake:4  | Reached XP level 16. HP: 139/150 MP: 22/22
 25347 | Snake:4  | Received a gift from Okawaru
 25360 | Snake:4  | Reached skill level 10 in Dodging
 25378 | Snake:4  | Received a gift from Okawaru
 25508 | Snake:4  | Got a serpentine rune of Zot
 25746 | Swamp:1  | Entered Level 1 of the Swamp
 26252 | Swamp:1  | Noticed a thorn hunter
 26264 | Swamp:1  | Killed a thorn hunter
 26689 | Swamp:2  | Received a gift from Okawaru
 26842 | Swamp:2  | Received a gift from Okawaru
 27123 | Swamp:2  | Reached XP level 17. HP: 158/158 MP: 23/23
 27606 | Swamp:3  | Reached skill level 15 in Dodging
 27926 | Swamp:3  | Identified the -2 pair of boots of Grace {rElec Dex+2}
 27965 | Swamp:3  | Received a gift from Okawaru
 28155 | Swamp:4  | Entered Level 4 of the Swamp
 28361 | Swamp:4  | Identified the +7 arbalest "Asse" {venom, *Slow +Blink
                  | Int+2} (Okawaru gifted it to you on level 4 of the Swamp)
 28361 | Swamp:4  | Received a gift from Okawaru
 28649 | Swamp:4  | Noticed a bone dragon
 28674 | Swamp:4  | Killed a bone dragon
 28718 | Swamp:4  | Got a decaying rune of Zot
 29102 | D:11     | Identified the +1 plate armour of Disguise {Str+2}
 29120 | D:11     | Noticed Urug
 29131 | D:11     | Killed Urug
 29131 | D:11     | Received a gift from Okawaru
 29345 | Orc:2    | Bought a ring of see invisible for 180 gold pieces
 29907 | D:12     | Found a runed translucent gate.
 29907 | D:12     | Found a runed translucent gate.
 29907 | D:12     | Found a runed translucent gate.
 29911 | D:12     | Noticed mortz's ghost (journeyman DjCj)
 30523 | D:12     | Killed mortz's ghost
 30821 | D:13     | Found a gate to the Vaults.
 30897 | D:13     | Noticed Maxmaps's ghost (adept FoSk)
 30898 | D:13     | Noticed a lich
 30935 | D:13     | Found a runed translucent door.
 30937 | D:13     | Found a runed translucent door.
 31296 | D:13     | Killed a lich
 31305 | D:13     | Identified the +6 mace "Dosiej" {freeze, Str+3 Dex-5 SInv}
                  | (Okawaru gifted it to you on level 13 of the Dungeon)
 31305 | D:13     | Received a gift from Okawaru
 31317 | D:13     | Killed Maxmaps's ghost
 31318 | D:13     | Reached XP level 18. HP: 113/170 MP: 20/25
 31455 | Vaults:1 | Entered Level 1 of the Vaults
 32370 | Vaults:1 | Identified the +5 arbalest of Zuchu {penet, *Corrode rElec
                  | Int+3}
 33074 | Vaults:1 | Received a gift from Okawaru
 33149 | Vaults:1 | Received a gift from Okawaru
 33355 | Vaults:1 | Acquired 1142 gold pieces
 33714 | Vaults:1 | Reached skill level 1 in Evocations
 34300 | Vaults:2 | Found Rigoom's General Store.
 34384 | Vaults:2 | Received a gift from Okawaru
 34404 | Vaults:2 | HP: 7/174 [vault warden/+2 vampiric long sword (42)]
 34686 | Vaults:2 | Identified the +2 cloak "Efuut" {Rampage Fly rF- Dex+5}
                  | (Okawaru gifted it to you on level 2 of the Vaults)
 34686 | Vaults:2 | Received a gift from Okawaru
 34746 | Vaults:2 | Reached skill level 5 in Evocations
 34900 | Vaults:2 | Found a large runed translucent door.
 34900 | Vaults:2 | Found a large runed translucent door.
 34900 | Vaults:2 | Noticed Muvus's ghost (adept DsFi)
 34962 | Vaults:2 | Killed Muvus's ghost
 35180 | Vaults:2 | Reached XP level 19. HP: 39/183 MP: 19/27
 35390 | Vaults:2 | Identified the +2 spear "Laanuhast" {vamp, rF+ SInv}
 36102 | Vaults:3 | Found a staircase to the Crypt.
 36102 | Vaults:3 | Found a basalt altar of Yredelemnul.
 36103 | Vaults:3 | Found an ancient bone altar of Kikubaaqudgha.
 36571 | Vaults:3 | Identified the +3 war axe "Plojy" {vorpal, Str+3 Dex+2
                  | Stlth+}
 37189 | Vaults:4 | Identified the +9 spear of Floods {elec, *Corrode rN+++
                  | Int+4}
 37235 | Vaults:4 | Received a gift from Okawaru
 37420 | Vaults:4 | Reached skill level 10 in Evocations
 37511 | Vaults:4 | Reached skill level 1 in Throwing
 37670 | Vaults:4 | Received a gift from Okawaru
 38017 | Vaults:4 | Got Sif Muna's Monograph on Minerals
 38116 | Vaults:4 | Identified the +1 ring mail "Muataret" {rCorr}
 38271 | Vaults:4 | Reached skill level 5 in Throwing
 38750 | Elf:1    | Entered Level 1 of the Elven Halls
 38803 | Elf:1    | Identified the +1 cloak of Hedonism {rElec rF+ Regen+}
 38867 | Elf:1    | Reached XP level 20. HP: 192/193 MP: 28/28
 38994 | Elf:1    | Identified the +1 ring mail of Calculation {rC- rCorr Str-3
                  | Dex+9}
 39134 | Elf:1    | Paralysed by an air elemental for 1 turns
 39542 | Elf:1    | You fall into a shaft and drop 1 floor!
 39575 | Elf:2    | Found a runed translucent gate.
 39575 | Elf:2    | Found a runed translucent gate.
 39575 | Elf:2    | Found a runed translucent gate.
 39605 | Elf:2    | Received a gift from Okawaru
 39673 | Elf:2    | Found a flickering gateway to a bazaar.
 39704 | Bazaar   | Entered a bazaar
 39704 | Bazaar   | Found Rixuow's General Store.
 39711 | Bazaar   | Bought a potion of curing for 42 gold pieces
 39711 | Bazaar   | Bought a scroll of enchant weapon for 105 gold pieces
 39711 | Bazaar   | Bought a scroll of enchant armour for 105 gold pieces
 39716 | Bazaar   | Found Qetzeff's Antique Weapon Shop.
 39742 | Bazaar   | Found Veeniux's Antique Armour Shop.
 39750 | Bazaar   | Bought a pair of runed boots for 157 gold pieces
 39858 | Elf:2    | Received a gift from Okawaru
 39888 | Elf:2    | Found Satseprao's Book Shoppe.
 39888 | Elf:2    | Found Fakeasegg's Jewellery Boutique.
 39889 | Elf:2    | Found Noogouse's Jewellery Boutique.
 40165 | Elf:2    | Identified the +1 robe of Eladegge {*Slow rPois rCorr
                  | Str+4} (Okawaru gifted it to you on level 2 of the Elven
                  | Halls)
 40165 | Elf:2    | Received a gift from Okawaru
 40837 | Elf:3    | Entered Level 3 of the Elven Halls
 40848 | Elf:3    | Found Qomoset's Armour Shoppe.
 40856 | Elf:3    | Found Paog's Assorted Antiques.
 40876 | Elf:3    | Bought a scratched wooden ring for 170 gold pieces
 40904 | Elf:3    | Found Mint's Armour Shop.
 41158 | Elf:3    | Reached skill level 10 in Throwing
 41450 | Elf:3    | Found the +6 arbalest "Damnation" {damnation}
 41466 | Elf:3    | Got the Precepts of Terra Cotta
 41506 | Elf:3    | Received a gift from Okawaru
 41512 | Elf:3    | Identified the +5 trident of a Hundred Bones {flame, MP+9
                  | Dex+4}
 41534 | Elf:3    | Got Sif Muna's Opusculum on the Flinty Undead
 41538 | Elf:3    | Identified the +6 shortbow of Qeziogos {freeze, Fly rC-
                  | Int+3}
 41577 | Elf:3    | Identified the ring "Kyittimm" {rPois rCorr Str-3 SInv}
 41608 | Elf:3    | Identified the +3 scimitar of Discord {antimagic, Str+4
                  | Dex+2}
 41613 | Elf:3    | Identified the +0 cloak "Xuuliad" {Rampage *Slow Str+4}
 41877 | Elf:3    | Found Ceaxzam's Weapon Emporium.
 41905 | Elf:3    | Found Ofeydis's Magic Scroll Boutique.
 41913 | Elf:3    | Bought a scroll of teleportation for 42 gold pieces
 41913 | Elf:3    | Bought a scroll of enchant weapon for 105 gold pieces
 42208 | D:5      | Killed themarg's ghost
 42241 | D:5      | Voluntarily entered the Abyss.
 42457 | Abyss:1  | Reached XP level 21. HP: 201/201 MP: 29/29
 42643 | Abyss:1  | Gained mutation: You sometimes lose your temper in combat.
                  | [a neqoxec]
 42692 | Abyss:2  | Found a shimmering altar of Xom.
 42711 | Abyss:2  | Found a shimmering blue altar of Sif Muna.
 42730 | Abyss:3  | Found a corrupted altar of Lugonu.
 42731 | Abyss:3  | Found a corrupted altar of Lugonu.
 42731 | Abyss:3  | Found a blossoming altar of Fedhas.
 42749 | Abyss:3  | Received a gift from Okawaru
 42763 | Abyss:3  | Found a corrupted altar of Lugonu.
 42908 | Abyss:3  | Found a corrupted altar of Lugonu.
 42908 | Abyss:3  | Found a blossoming altar of Fedhas.
 42911 | Abyss:3  | Gained mutation: You have an uncontrollable temper. [a
                  | neqoxec]
 43126 | Abyss:3  | Got an abyssal rune of Zot
 43138 | Abyss:3  | Lost intelligence.
 43269 | D:5      | Escaped the Abyss
 44186 | D:14     | Found a portal to a secret trove of treasure.
 44486 | D:14     | Noticed Josephine
 44496 | D:14     | Killed Josephine
 44584 | D:14     | Lost mutation: You have an uncontrollable temper. [potion
                  | of mutation]
 44584 | D:14     | Lost mutation: You sometimes lose your temper in combat.
                  | [potion of mutation]
 44584 | D:14     | Gained mutation: You are dopey. (Int -2) [potion of
                  | mutation]
 44584 | D:14     | Gained mutation: You are frail. (-10% HP) [potion of
                  | mutation]
 44584 | D:14     | Gained mutation: Your flesh is cold resistant. (rC+)
                  | [potion of mutation]
 44584 | D:14     | Gained mutation: You possess an exceptional clarity of
                  | mind. [potion of mutation]
 44585 | D:14     | Lost mutation: Your flesh is cold resistant. (rC+) [potion
                  | of mutation]
 44585 | D:14     | Lost mutation: You are dopey. (Int -2) [potion of mutation]
 44585 | D:14     | Lost mutation: You are frail. (-10% HP) [potion of
                  | mutation]
 44585 | D:14     | Lost mutation: You possess an exceptional clarity of mind.
                  | [potion of mutation]
 44585 | D:14     | Gained mutation: You are frail. (-10% HP) [potion of
                  | mutation]
 44585 | D:14     | Gained mutation: Your muscles are strong. (Str +4, Int/Dex
                  | -1) [potion of mutation]
 44586 | D:14     | Lost mutation: You are frail. (-10% HP) [potion of
                  | mutation]
 44586 | D:14     | Lost mutation: Your muscles are strong. (Str +4, Int/Dex
                  | -1) [potion of mutation]
 44586 | D:14     | Gained mutation: Your mind is acute. (Int +4, Str/Dex -1)
                  | [potion of mutation]
 44586 | D:14     | Gained mutation: You expend magic power (3 MP) to
                  | strengthen your wands. [potion of mutation]
 44586 | D:14     | Gained mutation: You are partially covered in iridescent
                  | scales. (AC +2) [potion of mutation]
 44586 | D:14     | Gained mutation: Your mind is very acute. (Int +8, Str/Dex
                  | -2) [potion of mutation]
 45029 | D:15     | Entered Level 15 of the Dungeon
 45319 | D:15     | Found a staircase to the Depths.
 45704 | Depths:1 | Entered Level 1 of the Depths
 45733 | Depths:1 | Found a shimmering blue altar of Sif Muna.
 45813 | Depths:1 | Received a gift from Okawaru
 45919 | Depths:1 | Identified the +5 great mace of Dishonesty {flame, rPois
                  | MP+9} (Okawaru gifted it to you on level 1 of the Depths)
 45919 | Depths:1 | Received a gift from Okawaru
 46169 | Depths:1 | Noticed Mara
 46212 | Depths:1 | Noticed sasquatch's illusion
 46231 | Depths:1 | Killed Mara
 46514 | Depths:1 | Found Recull's Book Shoppe.
 46520 | Depths:1 | Bought a manual of Evocations for 1440 gold pieces
 46764 | Depths:1 | Received a gift from Okawaru
 46771 | Depths:1 | Reached XP level 22. HP: 209/209 MP: 30/30
 46896 | Depths:2 | Found a one-way gateway to a ziggurat.
 47101 | Depths:2 | Found a one-way gate leading to the halls of Pandemonium.
 47131 | Depths:2 | Noticed Grunn
 47151 | Depths:2 | Noticed the Enchantress
 47586 | Depths:2 | Found a glowing golden altar of the Shining One.
 47646 | Depths:2 | Received a gift from Okawaru
 47839 | Arena    | Entered the Arena
 47846 | Arena    | Killed Grunn
 48007 | Arena    | Entered the Arena
 48015 | Arena    | Killed the Enchantress
 48692 | Vaults:5 | Entered Level 5 of the Vaults
 48941 | Vaults:4 | Identified the +0 scale mail of Rubylis {Rampage rPois
                  | Dex-3} (Okawaru gifted it to you on level 4 of the Vaults)
 48941 | Vaults:4 | Received a gift from Okawaru
 49251 | Vaults:5 | Identified the +0 ring mail of Immorality {rElec rN+ Str+3}
 49262 | Vaults:5 | Got a silver rune of Zot
 49282 | Vaults:5 | Noticed a golden dragon
 49431 | Vaults:5 | Noticed an ancient lich
 49456 | Vaults:5 | Killed an ancient lich
 49466 | Vaults:5 | Identified the +5 chain mail of Day {rC+ Int+2}
 49481 | Vaults:5 | Reached skill level 15 in Evocations
 49514 | Vaults:5 | Noticed a golden dragon
 49527 | Vaults:5 | Killed a golden dragon
 49545 | Vaults:5 | Killed from afar by a titan

Illustrated notes

Levels and vault maps discovered:
D:1:      erik_arrival_cave_to_civilisation [erik_arrival_cave_to_temple],
          layout_basic, chequers_ecumenical_altar_island, minmay_fountain_box
D:2:      layout_basic, basic_altar
D:3:      layout_basic, reono_crystal_passage
D:4:      layout_basic, minmay_temple_entry_hall, serial_shops, kennysheep_mini,
          uniq_natasha
D:5:      layout_basic, marbit_many_paths, gammafunk_ghost_abyssal_escape,
          cheibrodos_sewer_entry_sluice
D:6:      layout_loops_cross
D:7:      cheibrodos_statue_roulette, layout_rooms, mainiacjoe_overflow_catwalk,
          minmay_misc_feat_four_crosses, minivault_23, uniq_maggie
D:8:      layout_basic, general_overflow_altar, kennysheep_flooded_box
D:9:      layout_irregular_city, hangedman_decor_push, uniq_erica
D:10:     layout_layer_cave, mainiacjoe_overflow_boulevard, lair_entry_dummy,
          erik_orc_4, serial_shops, nicolae_stop_n_shop_2, st_stairs_3
D:11:     layout_roguey, interstate_on_off, uniq_urug
D:12:     layout_roguey, gammafunk_ghost_nasty_kobolds, serial_corexii_hall,
          corexii_hall_statues_s, corexii_hall_statues_l, corexii_hall_statues_i
D:13:     layout_rooms, david_vaults_1, muffindrake_ghost_dual_entry
D:14:     layout_stronghold, nicolae_trove_entry_crossroad, uniq_josephine
D:15:     hangedman_depths_entry_civil_slaughter, layout_irregular_city,
          minivault_27
Temple:   nicolae_temple_no_exploring_needed
Lair:1:   layout_gridlike, grunt_megastairs_3, uniq_gastronok
Lair:2:   layout_layer_cave, uniq_prince_ribbit2
Lair:3:   layout_chaotic_city, minmay_swamp_entry_reptiles,
          guppyfry_snake_entry_garden, infiniplex_staircase_pool, uniq_nergalle
Lair:4:   layout_gridlike, nicolae_slime_entry_slimehenge, basic_altar
Lair:5:   evil_forest, layout_regular_city, nicolae_quartered_pool_medium,
          infiniplex_staircase_pool_2
Swamp:1:  layout_falls_marsh, evilmike_swamp_ruin_rubble_1, swamp_pool3
Swamp:2:  layout_basic_swamp, nicolae_swamp_dense_foliage
Swamp:3:  layout_basic_swamp, hangedman_swamp_ruin_hall, swamp_pool1,
          nicolae_swamp_super_fun_site
Swamp:4:  swamp_pestilence, layout_basic_swamp
Snake:1:  layout_layer_cave, serial_shops, nicolae_shop_statue_plus
Snake:2:  layout_rooms, drop_trap, uniq_aizul, uniq_donald, uniq_agnes
Snake:3:  layout_onion_interference, grunt_ministairs_9,
          nicolae_snake_biting_tails, nicolae_snake_slithery_corners,
          uniq_bai_suzhen, uniq_kirke
Snake:4:  snake_pit_salamanders_mu, layout_cave_town
Orc:1:    layout_caves
Orc:2:    kennysheep_orc_mage_school, layout_caves, guppyfry_library_mini,
          uniq_rupert
Elf:1:    layout_gridlike, hangedman_elven_crosses_minicolossus,
          lemuel_upstairs_altar
Elf:2:    elven_hall_of_blades_hangedman_original [nicolae_blade_tridents],
          layout_geoelf_octagon, serial_shops, bzr_entry_gold, minmay_shop_grove
Elf:3:    grunt_elf_hall_branching, layout_gridlike, serial_shops, shop,
          nicolae_shop_stone, shop, nicolae_shop_hallway_plus,
          nicolae_shop_waterfront, roderic_roman_lattice
Vaults:1: portal_desolation_entry_garden, ontoclasm_vaults_spin,
          ontoclasm_vaults_decontamination, ontoclasm_vaults_hangar,
          nicolae_vaults_yaktaur_gun_rack, ontoclasm_vaults_idyll,
          st_hourglassy, v_misc_17, ontoclasm_vaults_chip, v_misc_23,
          nicolae_vaults_little_squares_4, layout_vaults_ring
Vaults:2: advil_vaults_ghost_guards, v_misc_30, v_alt_pattern_4,
          nicolae_vaults_network_barrier, hangedman_vaults_slice, v_misc_33,
          nicolae_vaults_bisected_slash, v_alt_pattern_4,
          hangedman_vaults_slice, vaults_room_pools, layout_vaults_omnigrid,
          serial_shops, shop
Vaults:3: vaults_dpeg_spiral, nicolae_vaults_network_quincunx
          [nicolae_vaults_network_quincunx_subvault,
          nicolae_vaults_network_quincunx_subvault,
          nicolae_vaults_network_quincunx_subvault,
          nicolae_vaults_network_quincunx_subvault,
          nicolae_vaults_network_quincunx_subvault],
          minmay_crypt_entry_necro_gods, st_cells, ontoclasm_vaults_ring_small,
          nicolae_vaults_shelves_hall, nicolae_vaults_sealed_display,
          dpeg_vaults_monster_row, nicolae_vaults_mini_display_case,
          nicolae_vaults_network_s, ontoclasm_vaults_hangar, v_misc_5,
          grunt_vaults_diagonal, vaults_dpeg_encased_lava, layout_vaults_omnibox
Vaults:4: hangedman_vaults_maws, nicolae_vaults_alarming,
          nicolae_vaults_ring_of_whatevers, v_pattern_1,
          grunt_vaults_hallway_short, layout_vaults_big_room
Vaults:5: serial_shops
Depths:1: layout_gridlike, grunt_hell_horde, lemuel_doored_altar, serial_shops,
          nicolae_shop_hallway_plus, minmay_misc_feat_five,
          serial_sigils_hangedman_gut, lightli_minifort, uniq_mara
Depths:2: grunt_bruiser_brothers, layout_basic, enter_ziggurat_b,
          hangedman_abyss_entry_splay, hell_entry, nicolae_tso_carved_into_rock,
          rand_demon_pan_entry_4, minivault_10, grunt_ministairs_3,
          minmay_staircase_statues, uniq_enchantress, uniq_grunn

Skill      XL: |  1  2  3  4  5  6  7  8  9 10 11 12 13 14 15 16 17 18 19 20 21 22 |
---------------+-------------------------------------------------------------------+-----
Shields        | 4 5 6 7 8 10 14 16 18 20 | 20.0
Maces & Flails | 3 4 5 6 7 9 12 15 16 17 18 19 20 | 20.2
Fighting       | 6 9 10 13 14 15 16 17 19 20 | 20.2
Armour         | 6 9 12 14 16 18 20 | 20.0
Invocations    | 4 7 8 10 12 | 12.0
Dodging        | 5 14 16 18 | 18.8
Evocations     | 6 10 15 | 15.2
Throwing       | 5 10 12 | 12.0

Action                   |  1- 3 |  4- 6 |  7- 9 | 10-12 | 13-15 | 16-18 | 19-21 | 22-24 || total
-------------------------+-------+-------+-------+-------+-------+-------+-------+-------++-------
Melee: Flail             |    88 |   182 |   249 |   683 |       |       |       |       ||  1202
       Headbutt          |    12 |    23 |    43 |   129 |   216 |   357 |   452 |   161 ||  1393
       Morningstar       |       |       |       |    40 |  1153 |   831 |       |       ||  2024
       Eveningstar       |       |       |       |       |       |   642 |  1776 |   619 ||  3037
Throw: Dart              |       |       |     1 |     8 |     1 |       |       |       ||    10
Invok: Heroism           |       |       |     5 |    13 |    12 |    14 |     6 |     8 ||    58
       Finesse           |       |       |       |     3 |     6 |    11 |     7 |     8 ||    35
       Duel              |       |       |       |       |       |       |       |     2 ||     2
Evoke: Wand              |       |       |       |       |       |       |     3 |       ||     3
  Use: Scroll            |       |     3 |     7 |    15 |     7 |    13 |    14 |    13 ||    72
       Potion            |       |       |     2 |     3 |     4 |     6 |    13 |    15 ||    43
 Stab: Distracted        |       |       |       |       |       |       |     1 |       ||     1
Armor: Scale mail        |    42 |    60 |   101 |       |       |       |       |       ||   203
       Acid dragon scale |       |       |     8 |    90 |     1 |       |       |       ||    99
       Chain mail        |       |       |       |   166 |   394 |       |       |       ||   560
       Crystal plate arm |       |       |       |       |    44 |   624 |   626 |   311 ||  1605
Dodge: Dodged            |    42 |    88 |    99 |   201 |   230 |   296 |   302 |   171 ||  1429
Block: Buckler           |    23 |    33 |    63 |   178 |    90 |       |       |       ||   387
       Reflection        |       |       |     3 |     4 |       |       |       |       ||     7
       Tower shield      |       |       |       |       |   790 |  1803 |  1704 |   854 ||  5151
